 Dungeon Crawl Stone Soup version 0.30-a0-840-ga523dec638 (webtiles) character file.

Game seed: 14931073082630963162

12 retardedninja the Shield-Bearer (level 2, -1/43 HPs)
             Began as a Gnoll Fighter on Mar 1, 2023.
             Slain by a hobgoblin (6 damage)
             ... led by Robin
             ... on level 1 of the Dungeon.
             The game lasted 00:00:40 (639 turns).

retardedninja the Shield-Bearer (Gnoll Fighter)      Turns: 639, Time: 00:00:41

Health: -1/43      AC:  7    Str: 15    XL:     2   Next: 33%
Magic:  2/2        EV:  9    Int:  7    God:
Gold:   59         SH:  5    Dex: 11    Spells: 1/1 levels left

rFire   . . .      SeeInvis .    a - +0 flail
rCold   . . .      Faith    .    c - +0 buckler
rNeg    . . .      Spirit   .    b - +0 scale mail
rPois   .          Reflect  .    (no helmet)
rElec   .          Harm     .    (no cloak)
rCorr   .          Rampage  .    (no gloves)
Will    .....                    (no boots) Stlth
                                 (no amulet)
HPRegen 0.27/turn                (no ring)
MPRegen 0.08/turn                (no ring)

@: berserking, very quick
A: fangs 1, strong nose, distributed training
a: no special abilities


You were on level 1 of the Dungeon.
You visited 1 branch of the dungeon, and saw 2 of its levels.

You collected 59 gold pieces.

Inventory:

Hand Weapons
 a - a +0 flail (weapon)
Armour
 b - a +0 scale mail (worn)
 c - a +0 buckler (worn)
 j - a +0 pair of boots
Scrolls
 f - a scroll of immolation {unknown}
 i - 2 scrolls of identify {unknown}
 k - a scroll of teleportation {unknown}
 l - a scroll of blinking {unknown}
Potions
 d - a potion of might
 e - a potion of degeneration {unknown}
 h - a potion of heal wounds {unknown}


   Skills:
 + Level 6.5 Fighting
 + Level 0.4 Short Blades
 + Level 0.4 Long Blades
 + Level 0.4 Axes
 + Level 4.5 Maces & Flails
 + Level 0.4 Polearms
 + Level 0.4 Staves
 + Level 0.4 Ranged Weapons
 + Level 0.4 Throwing
 + Level 6.5 Armour
 + Level 0.4 Dodging
 + Level 0.4 Stealth
 + Level 6.5 Shields
 + Level 0.4 Unarmed Combat
 + Level 0.4 Spellcasting
 + Level 0.2 Conjurations
 + Level 0.2 Hexes
 + Level 0.2 Summonings
 + Level 0.2 Necromancy
 + Level 0.2 Translocations
 + Level 0.2 Transmutations
 + Level 0.2 Fire Magic
 + Level 0.2 Ice Magic
 + Level 0.2 Air Magic
 + Level 0.2 Earth Magic
 + Level 0.2 Poison Magic
 + Level 0.5 Invocations
 + Level 0.4 Evocations


You had one spell level left.
You didn't know any spells.
Your spell library was empty.

Dungeon Overview and Level Annotations

Branches:
Dungeon (2/15)

Altars:

Annotations:
D:2 Robin


Innate Abilities, Weirdness & Mutations

You have very sharp teeth.
Your uncanny sense of smell can sniff out nearby items.
Your experience applies equally to all skills.


Message History

A goblin comes into view. It is wielding a +0 club.
You block the hobgoblin's attack. Robin throws the goblin at you!
The goblin hits you with a +0 club. You block the goblin's attack.
The goblin shouts!
You sock the goblin!
You kill the goblin!
The hobgoblin barely misses you.
Robin's horned helmet rattles.
Robin roars a battlecry!
The goblins go into a battle-frenzy!
You block the goblin's attack. x2
The hobgoblin attacks as you move away!
The hobgoblin hits you but does no damage.
The goblin hits you with a +0 club. The goblin hits you with a +0 dagger.
The goblin hits you with a +0 club.
There is a stone staircase leading up here.
You see here a +0 club.
The hobgoblin closely misses you. The goblin closely misses you.
The goblin hits you but does no damage. The goblin hits you with a +0 club.
You climb upwards.
There is a stone staircase leading down here.
You closely miss the goblin. The goblin hits you with a +0 club.
The goblin hits you with a +0 dagger. The goblin hits you with a +0 club.
The hobgoblin hits you but does no damage.
You hit the goblin but do no damage.
The goblin hits you but does no damage. x2
You block the goblin's attack. The hobgoblin closely misses you.
You closely miss the goblin. The goblin hits you with a +0 club.
* * * LOW HITPOINT WARNING * * *
You block the goblin's attack.
The hobgoblin hits you but does no damage.
You block the goblin's attack. The goblin hits you with a +0 club.
* * * LOW HITPOINT WARNING * * *
You block the hobgoblin's attack. The goblin hits you but does no damage.
The goblin hits you with a +0 club.
* * * LOW HITPOINT WARNING * * *
It was a potion of berserk rage.
A red film seems to cover your vision as you go berserk!
You feel yourself moving faster!
You feel mighty!
The goblin hits you but does no damage. x3; The hobgoblin hits you.
You die...

#....# #....# #....#
###....# #.+....#
#.#....# #.#....#
#.#.ggg## #....@..#
########g#.############
#........#............###
#........##...........##.
#......>.##..............
#.........##..........###
#.........#####......## #
#.........# #.####.####
#######...# #.# #.##..


You could see a hobgoblin (strong) and 3 goblins.

Vanquished Creatures
  2 endoplasms (D:1)
  A goblin (D:2)
  A hobgoblin (D:1)
  A quokka (D:1)
  A ball python (D:1)
  3 bats (D:1)
  A frilled lizard (D:1)
  A rat (D:1)
11 creatures vanquished.

Notes
Turn   | Place    | Note
-------+----------+-------------------------------------------
     0 | D:1      | retardedninja the Gnoll Fighter began the quest for the
                  | Orb.
     0 | D:1      | Reached XP level 1. HP: 23/23 MP: 1/1
   223 | D:1      | Reached XP level 2. HP: 28/29 MP: 2/2
   629 | D:2      | Noticed Robin
   639 | D:1      | Slain by a hobgoblin

Illustrated notes

Levels and vault maps discovered:
D:1:      dpeg_arrival_simpleton_c, layout_basic
D:2:      minmay_skewed_foursquare, layout_rooms, uniq_robin

Action                     || total
---------------------------++-------
  Melee: Flail             ||    35
         Bite              ||     4
    Use: Potion            ||     1
 Armour: Scale mail        ||    37
  Dodge: Dodged            ||    30
  Block: Buckler           ||    26

Table legend: (Time is in decaauts)
 A = Elapsed time spent in this place.
 B = Non-inter-level travel time spent in this place.
 C = Inter-level travel time spent in this place.
 D = Time resting spent in this place.
 E = Time spent auto-exploring this place.
 F = Levels seen in this place.
 G = Mean time per level.
                   A        B        C        D        E       F      G
               +--------+--------+--------+--------+--------+-----+--------+
         Total |    646 |    642 |      4 |     74 |    445 |   2 |  323.0 |
       Dungeon |    646 |    642 |      4 |     74 |    445 |   2 |  323.0 |
               +--------+--------+--------+--------+--------+-----+--------+

Top non-repeatable levels by time:
     D:1: 640 daAuts
     D:2: 6 daAuts
